 Dungeon Crawl Stone Soup version 0.28-a0-1395-g4f6bc678fa (webtiles) character file.

Game seed: 6767207979596780718

112 Deminshera the Sneak (level 4, -5/23 HPs)
             Began as a Vine Stalker Brigand on Jan 4, 2022.
             Slain by an iguana (9 damage)
             ... on level 3 of the Dungeon.
             The game lasted 00:02:41 (2791 turns).

Deminshera the Sneak (Vine Stalker Brigand)         Turns: 2791, Time: 00:02:42

Health: -5/23      AC:  4    Str: 16    XL:     4   Next: 93%
Magic:  0/5        EV: 12    Int: 11    God:
Gold:   131        SH:  0    Dex: 15    Spells: 3/3 levels left

rFire   . . .      SeeInvis .   a - +2 dagger
rCold   . . .      Faith    .   (no shield)
rNeg    . . .      Spirit   +   o - +0 leather armour
rPois   .          Reflect  .   (no helmet)
rElec   .          Harm     .   c - +0 cloak
rCorr   .          Rampage  .   (no gloves)
Will    .....                   (no boots)
Stlth   +++.......              (no amulet)
HPRegen 0.87/turn               (no ring)
MPRegen 0.09/turn               (no ring)

@: no status effects
A: fangs 2, regeneration 1, magic shield, antimagic bite, no potion heal 2
a: no special abilities


You were on level 3 of the Dungeon.
You visited 1 branch of the dungeon, and saw 4 of its levels.

You collected 131 gold pieces.

Inventory:

Hand Weapons
 a - a +2 dagger (weapon)
Missiles
 d - 7 poisoned darts (quivered)
 e - 2 curare-tipped darts
Armour
 b - a +0 robe
 c - a +0 cloak (worn)
 o - a +0 leather armour (worn)
Wands
 m - a wand of iceblast (8)
Scrolls
 f - a scroll of vulnerability {unknown}
 g - a scroll of noise
 h - a scroll of immolation {unknown}
 k - a scroll of amnesia {unknown}
Potions
 i - 2 potions of curing {unknown}
 j - a potion of mutation {unknown}
 l - a potion of berserk rage {unknown}
 n - a potion of flight {unknown}


   Skills:
 + Level 2.5 Fighting
 + Level 2.4 Short Blades
 + Level 2.4 Throwing
 + Level 1.8 Dodging
 + Level 5.5 Stealth


You had 3 spell levels left.
You didn't know any spells.
Your spell library was empty.

Dungeon Overview and Level Annotations

Branches:
Dungeon (4/15)
 Temple: D:4-7

Altars:
The Shining One

Shops:
D:1 !   D:3 :


Innate Abilities, Weirdness & Mutations

You have extremely sharp teeth.
Your natural rate of healing is unusually fast.
When hurt, damage is shared between your health and your magic reserves.
Your bite disrupts and absorbs the magic of your enemies.
Potions cannot restore your health.


Message History

As you read the scroll labelled LITUCERUEF, it crumbles to dust.
You hear a loud clanging noise!
It was a scroll of noise.
The orc misses you.
You hit the orc. You bite the orc, but do no damage.
The orc is heavily wounded.
The orc barely misses you.
You hit the orc.
The orc is heavily wounded.
The orc hits you with a +0 club.
You hit the orc.
The orc is almost dead.
The orc barely misses you.
You hit the orc.
You kill the orc!
You closely miss the orc. The orc barely misses you.
You hit the orc. Your bite misses the orc.
The orc is lightly wounded.
The orc hits you with a +0 short sword.
You hit the orc.
The orc is moderately wounded.
The orc barely misses you.
You hit the orc.
You kill the orc!
You barely miss the iguana. The iguana bites you.
You completely miss the iguana. The iguana bites you!
* * * LOW HITPOINT WARNING * * *
You hit the iguana but do no damage. Your bite misses the iguana.
The iguana barely misses you.
You hit the iguana. Your bite misses the iguana.
The iguana is lightly wounded.
The iguana barely misses you.
You hit the iguana. Your bite misses the iguana.
The iguana is moderately wounded.
You hit the iguana. You bite the iguana, but do no damage.
The iguana is moderately wounded.
The iguana closely misses you.
You hit the iguana but do no damage.
The iguana is moderately wounded.
The iguana bites you!
You die...

#..........#
##..........#####
#...........#<..#
##...........###.#
.................#
##...........#####
.............#.#
.............#.###
..[............l@#
..############.###
..# ###.# ..#
#...# #.# #.###
#.# #...# #.#
###.# ..# #...#
..####### #.###


You could see an iguana.

Vanquished Creatures
  Jessica (D:2)
  2 adders
  2 worms
  3 dart slugs
  5 orcs (D:3)
  5 ball pythons
  3 bats
  4 endoplasms
  7 jackals
  A kobold (D:3)
  4 quokkas
  2 frilled lizards
  4 goblins
  5 rats
48 creatures vanquished.

Notes
Turn   | Place    | Note
-------+----------+-------------------------------------------
     0 | D:1      | Deminshera the Vine Stalker Brigand began the quest for the
                  | Orb.
     0 | D:1      | Reached XP level 1. HP: 11/11 MP: 2/2
   293 | D:1      | Reached skill level 1 in Dodging
   293 | D:1      | Reached XP level 2. HP: 15/15 MP: 3/3
   298 | D:1      | Reached skill level 5 in Stealth
   653 | D:1      | Found Qugi's Distillery.
   926 | D:1      | Reached XP level 3. HP: 18/18 MP: 4/4
  1482 | D:2      | Found a glowing golden altar of the Shining One.
  1674 | D:2      | Noticed Jessica
  1686 | D:2      | Killed Jessica
  1687 | D:2      | Gained mutation: Your natural rate of healing is unusually
                  | fast. [Vine Stalker growth]
  1687 | D:2      | Reached XP level 4. HP: 15/23 MP: 3/5
  1779 | D:2      | Found a faded altar of an unknown god.
  2355 | D:3      | Found Jivoum's Book Shop.
  2786 | D:3      | HP: 1/23 [iguana (9)]
  2791 | D:3      | Slain by an iguana

Illustrated notes

Levels and vault maps discovered:
D:1:      wander_arrival_lonely_grave, layout_rooms, serial_shops, shop,
          feat_on_display
D:2:      layout_basic, dreamdust_ecumenical_altar_grove,
          kennysheep_flooded_box, uniq_jessica
D:3:      layout_basic, serial_shops, shop, grunt_decor_mini_mirrors,
          serial_bayou_lagoon_a
D:4:      layout_cave_pools, hangedman_ru_absence, serial_shops,
          nicolae_shop_bloodbath_and_beyond, minmay_hollow_rounded_squares

Skill      XL: |  1  2 |
---------------+-------+-----
Dodging        | 1 |  1.8
Stealth        | 5 |  5.5
Fighting       | 2 |  2.5
Short Blades   | 2 |  2.4
Throwing       | 2 |  2.4

Action                   |  1- 3 |  4- 6 || total
-------------------------+-------+-------++-------
Melee: Dagger            |    82 |    63 ||   145
       Bite              |    12 |    15 ||    27
Throw: Dart              |    10 |       ||    10
  Use: Scroll            |       |     1 ||     1
 Stab: Sleeping          |     4 |     7 ||    11
Armor: Robe              |    24 |     2 ||    26
       Leather armour    |       |     1 ||     1
Dodge: Dodged            |    57 |    31 ||    88

Table legend: (Time is in decaauts)
 A = Elapsed time spent in this place.
 B = Non-inter-level travel time spent in this place.
 C = Inter-level travel time spent in this place.
 D = Time resting spent in this place.
 E = Time spent auto-exploring this place.
 F = Levels seen in this place.
 G = Mean time per level.
                   A        B        C        D        E       F      G
               +--------+--------+--------+--------+--------+-----+--------+
         Total |   2777 |   2603 |    174 |    870 |   1346 |   4 |  694.2 |
       Dungeon |   2777 |   2603 |    174 |    870 |   1346 |   4 |  694.2 |
               +--------+--------+--------+--------+--------+-----+--------+

Top non-repeatable levels by time:
     D:2: 1214 daAuts
     D:1: 964 daAuts
     D:3: 591 daAuts
     D:4: 6 daAuts
